 Dungeon Sprint DCSS version 0.30-a0-738-g116ff8c4af (webtiles) character file.

Game seed: 2131428161708552311

207 BigDaddyOpFi the Hill Orc Child (level 5, -7/45 HPs)
             Began as a Hill Orc Fighter on Feb 3, 2023.
             Was a Follower of Hepliaklqana.
             Killed by divine providence
             ... invoked by an orc priest
              (11 damage)
             ... in the Dungeon (Sprint VII: "The Pits").
             The game lasted 00:00:54 (361 turns).

BigDaddyOpFi the Hill Orc Child (Hill Orc Fighter)   Turns: 361, Time: 00:00:55

Health: -7/45      AC: 14    Str: 21    XL:     5   Next: 85%
Magic:  8/11       EV:  6    Int:  8    God:    Hepliaklqana [*.....]
Gold:   0          SH:  5    Dex: 10    Spells: 4/4 levels left

rFire   . . .      SeeInvis .    a - +0 war axe
rCold   . . .      Faith    .    c - +0 buckler
rNeg    . . .      Spirit   .    l - +2 plate armour
rPois   .          Reflect  .    (no helmet)
rElec   .          Harm     .    (no cloak)
rCorr   .          Rampage  .    (no gloves)
Will    .....      NoTele   +    (no boots) Stlth
                                 (no amulet)
HPRegen 0.27/turn                (no ring)
MPRegen 0.12/turn                (no ring)

@: on berserk cooldown, slowed, very slow
A: reduced essence
a: Renounce Religion, Convert to Beogh, Recall Ancestor, Ancestor Identity


You were in the Dungeon.
You worshipped Hepliaklqana.
Hepliaklqana was aware of your devotion.
You visited 1 branch

Inventory:

Hand Weapons
 a - a +0 war axe (weapon)
Armour
 b - a +0 scale mail
 c - a +0 buckler (worn)
 l - a +2 plate armour (worn)
Scrolls
 j - a scroll of blinking
Potions
 d - a potion of might
 e - 6 potions of curing
 f - 6 potions of heal wounds
 g - a potion of haste
 h - 4 potions of magic
 i - 2 potions of berserk rage
 k - 2 potions of invisibility


   Skills:
 + Level 6.6 Fighting
 + Level 6.8 Axes
 + Level 6.0 Armour
 + Level 6.0 Shields
 * Level 8.6 Invocations


You had 4 spell levels left.
You didn't know any spells.
Your spell library was empty.

Dungeon Overview and Level Annotations

Branches:
Dungeon (1/1)

Altars:
Ashenzari
Cheibriados
Dithmenos
Elyvilon
Fedhas
Gozag
Hepliaklqana
Kikubaaqudgha
Makhleb
Nemelex Xobeh
Okawaru
Qazlal
Ru
Sif Muna
Trog
Uskayaw
Vehumet
Wu Jian
Xom
Yredelemnul
Zin
The Shining One
Beogh
Jiyva
Lugonu


Message History

You slash the hound!
You kill the hound!
Your Armour skill increases to level 6!
Your Shields skill increases to level 6!
The orc priest calls down the wrath of Beogh upon you.
Beogh smites you!
Items here: ) ††††.
You barely miss the orc priest.
The orc priest invokes the aid of Beogh against you.
Pain shoots through your body!
You hit the orc priest but do no damage.
You are no longer berserk.
You are exhausted.
You feel yourself slow down.
The orc priest hits you but does no damage.
You closely miss the orc priest.
The orc priest shouts, "Surrender to Beogh and we'll let you live!"
You block the orc priest's attack.
You hit the orc priest but do no damage.
You block the orc priest's attack.
The orc priest looks braver for a moment.
You barely miss the orc priest.
The orc priest hits you but does no damage.
You barely miss the orc warrior.
The orc priest shouts, "Surrender to Beogh and we'll let you live!"
You block the orc warrior's attack. The orc warrior barely misses you.
You closely miss the orc warrior. You block the orc warrior's attack.
The orc warrior hits you with a +0 mace.
You barely miss the orc warrior.
The orc priest shouts, "Beogh is our master!
Accept the truth or die!"
You block the orc warrior's attack. The orc warrior barely misses you.
You slash the orc warrior!
The orc warrior is heavily wounded.
The orc priest mumbles some strange prayers to Beogh against you.
Beogh smites you! You block the orc warrior's attack.
The orc warrior hits you with a +0 mace!
* * * LOW HITPOINT WARNING * * *
The orc priest calls down the wrath of Beogh upon you.
Beogh smites you!
You die...

#'#####÷#####.....
#.#..#.....##.....
#.#))#####†#####'#
#.#))#...).##.....
#.#))#.....##.....
#.#.[###'####.....
#.##'#.....##...<.
#.#........##.....
#@#........##.....
#o###########.....
#go.....# ######
#o..#...# #...# .#
#.##.# #.. #.. #..
... #.. ..+


You could see an orc warrior, an orc priest, a gnoll and an orc.

Vanquished Creatures
  A warg (D)
  A quasit (D)
  A hound (D)
  An adder (D)
  An ufetubus (D)
  An orc (D)
  A ball python (D)
  2 bats (D)
  A giant cockroach (D)
  2 goblins (D)
  A quokka (D)
  A frilled lizard (D)
14 creatures vanquished.

Vanquished Creatures (others)
  An ancestor (D)
1 creature vanquished.

Grand Total: 15 creatures vanquished

Notes
Turn   | Place    | Note
-------+----------+-------------------------------------------
     0 | D        | BigDaddyOpFi the Hill Orc Fighter began the quest for the
                  | Orb.
     0 | D        | Reached XP level 1. HP: 19/19 MP: 1/1
    18 | D        | Found a bloodstained altar of Trog.
    18 | D        | Found a shimmering blue altar of Sif Muna.
    18 | D        | Found a viscous altar of Jiyva.
    18 | D        | Found a hazy altar of Hepliaklqana.
    18 | D        | Found an opulent altar of Gozag.
    19 | D        | Found a glowing golden altar of the Shining One.
    19 | D        | Found a glowing silver altar of Zin.
    19 | D        | Found a basalt altar of Yredelemnul.
    19 | D        | Found a shimmering altar of Xom.
    19 | D        | Found an ornate altar of the Wu Jian Council.
    19 | D        | Found a sacrificial altar of Ru.
    19 | D        | Found a stormy altar of Qazlal.
    19 | D        | Found an iron altar of Okawaru.
    19 | D        | Found a sparkling altar of Nemelex Xobeh.
    19 | D        | Found a burning altar of Makhleb.
    19 | D        | Found a blossoming altar of Fedhas.
    19 | D        | Found a white marble altar of Elyvilon.
    19 | D        | Found a shadowy altar of Dithmenos.
    19 | D        | Found a snail-covered altar of Cheibriados.
    20 | D        | Found a radiant altar of Vehumet.
    20 | D        | Found a corrupted altar of Lugonu.
    20 | D        | Found a roughly hewn altar of Beogh.
    21 | D        | Found an ancient bone altar of Kikubaaqudgha.
    21 | D        | Found a hide-covered altar of Uskayaw.
    21 | D        | Found a broken altar of Ashenzari.
    27 | D        | Became a worshipper of Hepliaklqana the Forgotten
    53 | D        | Reached skill level 1 in Invocations
   197 | D        | Reached skill level 2 in Invocations
   197 | D        | Reached XP level 2. HP: 25/27 MP: 3/3
   239 | D        | Reached skill level 4 in Invocations
   239 | D        | Reached XP level 3. HP: 24/35 MP: 3/6
   335 | D        | Noticed an orc warrior
   335 | D        | Noticed a warg
   337 | D        | Reached * piety under Hepliaklqana
   345 | D        | Killed a warg
   346 | D        | Reached skill level 5 in Armour
   346 | D        | Reached skill level 5 in Shields
   346 | D        | Reached skill level 7 in Invocations
   346 | D        | Reached XP level 4. HP: 39/39 MP: 6/9
   346 | D        | Reached XP level 5. HP: 45/45 MP: 6/10
   347 | D        | Reached skill level 8 in Invocations
   361 | D        | Killed from afar by an orc priest

Illustrated notes

Levels and vault maps discovered:
D:        pitsprint [storerooms_1, entrance_room_1, metal_vault_4, armoury_1,
          mini_pit_1, grid_room_1, main_hall_1, silver_pit, the_coven_3,
          the_vestibule_1, steel_vault_1, golden_pit, hallway_of_sentries,
          crystal_vault_4, iron_vault_4, final_vault]

Skill      XL: |  1  2  3  4  5 |
---------------+----------------+-----
Axes           | 3 4 6 |  6.8
Invocations    | 2 4 7 8 |  8.6
Fighting       | 4 6 |  6.6
Armour         | 4 5 6 |  6.0
Shields        | 4 5 6 |  6.0

Action                     |  1- 3 |  4- 6 || total
---------------------------+-------+-------++-------
  Melee: War axe           |    39 |    15 ||    54
    Use: Potion            |     1 |       ||     1
 Armour: Scale mail        |    39 |       ||    39
         Plate armour      |     5 |     4 ||     9
  Dodge: Dodged            |    37 |     2 ||    39
  Block: Buckler           |    12 |     6 ||    18

Table legend: (Time is in decaauts)
 A = Elapsed time spent in this place.
 B = Non-inter-level travel time spent in this place.
 C = Inter-level travel time spent in this place.
 D = Time resting spent in this place.
 E = Time spent auto-exploring this place.
 F = Levels seen in this place.
 G = Mean time per level.
                   A        B        C        D        E       F      G
               +--------+--------+--------+--------+--------+-----+--------+
         Total |    377 |    356 |     21 |    179 |      0 |   1 |  377.0 |
       Dungeon |    377 |    356 |     21 |    179 |      0 |   1 |  377.0 |
               +--------+--------+--------+--------+--------+-----+--------+

Top non-repeatable levels by time:
       D: 377 daAuts
